 Dungeon Crawl Stone Soup version 0.21-a0-125-gb006224 (webtiles) character file.

10950 Duffy the Cleaver (level 11, -7/58 HPs)
             Began as a Vine Stalker Gladiator on July 15, 2017.
             Was an Elder of Makhleb.
             Mangled by a sun demon (13 damage)
             ... summoned by an orc sorcerer
             ... on level 1 of the Orcish Mines.
             The game lasted 00:09:15 (9896 turns).

Duffy the Cleaver (Vine Stalker Gladiator)          Turns: 9896, Time: 00:09:16

Health: -7/58      AC: 15    Str: 19    XL:     11   Next: 70%
Magic:  0/21       EV: 12    Int:  8    God:    Makhleb [****..]
Gold:   623        SH:  0    Dex: 22    Spells: 10/10 levels left

rFire    . . .     SeeInvis .   a - +0 war axe
rCold    . . .     Gourm    .   (no shield)
rNeg     . . .     Faith    .   O - +0 plate armour
rPois    .         Spirit   +   (helmet restricted)
rElec    +         Reflect  .   o - +0 cloak (curse)
rCorr    .         Harm     .   r - +0 pair of gloves
MR       +....                  (no boots)
Stlth    ..........             (no amulet)
HPRegen  0.59/turn              j - ring of magical power
MPRegen  0.17/turn              (no ring)

@: agile, drained
A: fangs 3, horns 1, regeneration 1, shaggy fur 1, electricity resistance, magic
shield, antimagic bite, no potion heal 3, rot immunity
a: Minor Destruction, Lesser Servant of Makhleb, Major Destruction, Renounce
Religion


You were on level 1 of the Orcish Mines.
You worshipped Makhleb.
Makhleb was greatly pleased with you.
You were not hungry.

You visited 3 branches of the dungeon, and saw 12 of its levels.

You collected 623 gold pieces.

Inventory:

Hand Weapons
 a - a +0 war axe (weapon)
Missiles
 d - 2 throwing nets (quivered)
Armour
 k - a cursed +0 helmet
 o - a cursed +0 cloak (worn)
 r - a +0 pair of gloves (worn)
 O - a +0 plate armour (worn)
Jewellery
 j - a ring of magical power (left hand)
Wands
 l - a wand of enslavement (12/24)
 t - a wand of random effects (17/48)
 y - a wand of polymorph (11/24)
 z - a wand of polymorph (6/24)
 H - a wand of polymorph (0/24)
 K - a wand of polymorph (10/24)
 L - a wand of flame (17/48)
 M - a wand of lightning (2/15)
Scrolls
 b - 2 scrolls of remove curse {unknown}
 e - 6 scrolls of teleportation {unknown}
 g - 5 scrolls of enchant weapon {unknown}
 h - 3 scrolls of identify
 n - 3 scrolls of noise {unknown}
 q - a scroll of blinking {unknown}
 w - 2 scrolls of fog {unknown}
 D - 4 scrolls of amnesia {unknown}
 E - a scroll of immolation {unknown}
 F - a scroll of recharging {unknown}
 J - a scroll of magic mapping {unknown}
Potions
 i - 2 potions of agility
 m - 2 potions of cancellation
 u - 5 potions of curing
 x - a potion of magic
 A - 3 potions of flight
 B - 2 potions of brilliance
 C - a potion of mutation
Comestibles
 f - 4 bread rations
 p - 5 meat rations
 G - a fruit
 I - 4 royal jellies
 N - 3 chunks of flesh


   Skills:
 - Level 7.0(6.4) Fighting
 * Level 13.5(12.7) Axes
 - Level 1.7(1.2) Throwing
 + Level 6.0(5.4) Armour
 - Level 2.4(1.8) Dodging


You had 10 spell levels left.
You didn't know any spells.

Dungeon Overview and Level Annotations

Branches:
Dungeon (10/15)            Temple (1/1) D:4            Lair (0/6) D:10
    Orc (1/2) D:10

Altars:
Ashenzari
Cheibriados
Dithmenos
Elyvilon
Fedhas
Gozag
Hepliaklqana
Kikubaaqudgha
Makhleb
Nemelex Xobeh
Okawaru
Qazlal
Ru
Sif Muna
Trog
Uskayaw
Vehumet
Wu Jian
Xom
Yredelemnul
Zin
The Shining One

Annotations:
D:5 Edmund
D:10 exclusion: 3 oklob plants


Innate Abilities, Weirdness & Mutations

You have razor-sharp teeth.
Your natural rate of healing is unusually fast.
When hurt, damage is shared between your health and your magic reserves.
Your bite disrupts and absorbs the magic of your enemies.
Potions cannot restore your health.
You are immune to rotting.
You have a pair of small horns on your head.
You are covered in fur. (AC +1)
You are resistant to electric shocks. (rElec)


Message History

You are too injured to fight recklessly!
You are too injured to fight recklessly!
You are too injured to fight recklessly!
You are too injured to fight recklessly!
You are too injured to fight recklessly!
You are too injured to fight recklessly!
You are too injured to fight recklessly!
You are too injured to fight recklessly!
You are too injured to fight recklessly!
You are too injured to fight recklessly!
You are too injured to fight recklessly!
You are too injured to fight recklessly!
You miss the orc sorcerer.
The cyclops shouts!
Your bite misses the orc sorcerer.
The orc sorcerer is moderately wounded.
You hit the ice devil but do no damage. You completely miss the sun demon.
You closely miss the orc warrior. The sun demon hits you!
You are engulfed in flames!
You die...

##.#...#........
#.....#..................
.#...................$...
..##...................C.
........).....#.......o#.
..[...(............o..o..
.......<>.........o...$#.
.#..............3o.......
#......#.......#@o.......
#...........>.#..4.##....
..................## .
..................##
...................#
...................##
.#...#..............#
.##..........#...#.##
#.............#...#


You could see a sun demon, a cyclops, an ice devil, 2 orc sorcerers, an orc
warrior, an orc wizard and 2 orcs.

Vanquished Creatures
  3 two-headed ogres
  An orc high priest (D:10)
  Nergalle (D:10)
  An orc sorcerer (D:10)
  A cyclops (D:10)
  3 gargoyles (D:10)
  A hippogriff (D:7)
  Sigmund (D:4)
  A yak (D:10)
  A wyvern (D:6)
  A human (D:10)
  3 hogs (D:10)
  Eustachio (D:4)
  2 hungry ghosts
  2 wargs (D:10)
  Menkaure (D:4)
  A water moccasin (D:8)
  3 orc warriors
  4 ice beasts
  2 sky beasts
  A necrophage (D:10)
  A black bear (D:10)
  6 ogres
  2 centaurs
  A big kobold (D:8)
  4 bullfrogs
  Blork the orc (D:5)
  2 scorpions
  3 wights (D:10)
  A howler monkey (D:8)
  4 crimson imps
  2 bullfrog zombies
  A centaur zombie (D:5)
  A quasit (D:9)
  6 hounds
  A bullfrog skeleton (D:8)
  A centaur skeleton (D:7)
  12 orc priests
  3 jellies
  10 orc wizards
  3 iguanas
  7 worker ants
  A killer bee zombie (D:5)
  2 hound skeletons (D:8)
  2 howler monkey skeletons
  8 gnolls
  7 adders
  4 shadow imps
  An ooze (D:2)
  An adder zombie (D:9)
  3 adder skeletons
  2 worms (D:2)
  4 dart slugs
  8 leopard geckos
  59 orcs
  9 giant cockroaches
  5 goblins
  9 hobgoblins
  4 jackals (D:8)
  7 bats
  6 frilled lizards
  14 kobolds
  2 leopard gecko skeletons
  9 rats
274 creatures vanquished.

Vanquished Creatures (others)
  2 adders (D:10)
  A quokka (D:5)
  A leopard gecko zombie (D:5)
4 creatures vanquished.

Grand Total: 278 creatures vanquished

Notes
Turn   | Place    | Note
-------+----------+-------------------------------------------
     0 | D:1      | Duffy the Vine Stalker Gladiator began the quest for the Orb.
     0 | D:1      | Reached XP level 1. HP: 11/11 MP: 2/2
    26 | D:2      | Reached skill level 3 in Axes
   345 | D:2      | Reached XP level 2. HP: 11/15 MP: 3/3
   904 | D:1      | Reached XP level 3. HP: 18/18 MP: 4/4
  1399 | D:2      | Reached skill level 4 in Axes
  1654 | D:2      | Gained mutation: Your natural rate of healing is unusually fast. [Vine Stalker growth]
  1654 | D:2      | Reached XP level 4. HP: 20/23 MP: 5/5
  2195 | D:3      | Reached XP level 5. HP: 25/27 MP: 6/6
  2719 | D:4      | Noticed Eustachio
  2741 | D:4      | Killed Eustachio
  2741 | D:4      | Reached skill level 5 in Axes
  2741 | D:4      | Reached XP level 6. HP: 27/32 MP: 7/7
  2907 | D:4      | Noticed Menkaure
  2918 | D:4      | Killed Menkaure
  2918 | D:4      | Reached skill level 6 in Axes
  2918 | D:4      | Reached XP level 7. HP: 24/37 MP: 8/8
  3003 | D:4      | Found a staircase to the Ecumenical Temple.
  3008 | Temple   | Entered the Ecumenical Temple
  3197 | Temple   | Became a worshipper of Makhleb the Destroyer
  3427 | D:4      | Noticed Sigmund
  3432 | D:4      | Killed Sigmund
  3448 | D:4      | Found a sparkling altar of Nemelex Xobeh.
  3657 | D:4      | Found a hazy altar of Hepliaklqana.
  3855 | D:4      | Reached skill level 7 in Axes
  3958 | D:5      | Entered Level 5 of the Dungeon
  4024 | D:5      | Gained mutation: You have razor-sharp teeth. [Vine Stalker growth]
  4024 | D:5      | Reached XP level 8. HP: 25/42 MP: 9/9
  4093 | D:5      | Found a shadowy altar of Dithmenos.
  4283 | D:5      | Found a white marble altar of Elyvilon.
  4361 | D:5      | Noticed Edmund
  4422 | D:5      | Reached skill level 5 in Fighting
  4465 | D:5      | Noticed Blork the orc
  4472 | D:5      | Killed Blork the orc
  4484 | D:5      | Reached * piety under Makhleb
  4487 | D:5      | Reached skill level 8 in Axes
  4846 | D:6      | Noticed a wyvern
  4855 | D:6      | Killed a wyvern
  5275 | D:6      | Reached skill level 9 in Axes
  5275 | D:6      | Reached XP level 9. HP: 20/48 MP: 10/10
  5984 | D:6      | Reached ** piety under Makhleb
  6154 | D:7      | Found a shimmering altar of Xom.
  6231 | D:7      | Reached skill level 10 in Axes
  6264 | D:7      | Found a shattered altar of Ashenzari.
  6716 | D:8      | Reached skill level 1 in Armour
  6725 | D:8      | Reached XP level 10. HP: 55/55 MP: 11/11
  6761 | D:8      | Reached *** piety under Makhleb
  6765 | D:8      | Gained mutation: You have a pair of small horns on your head. [mutagenic meat]
  6766 | D:8      | Gained mutation: You are covered in fur. (AC +1) [mutagenic meat]
  6767 | D:8      | Gained mutation: You are resistant to electric shocks. (rElec) [mutagenic meat]
  7367 | D:8      | Reached skill level 11 in Axes
  7461 | D:9      | Noticed a two-headed ogre
  7472 | D:9      | Killed a two-headed ogre
  7712 | D:9      | Found an ornate altar of the Wu Jian Council.
  7715 | D:9      | Found a glowing silver altar of Zin.
  7718 | D:9      | Found an iron altar of Okawaru.
  7721 | D:9      | Found a hide-covered altar of Uskayaw.
  8054 | D:9      | Noticed a two-headed ogre
  8070 | D:9      | Killed a two-headed ogre
  8281 | D:10     | Entered Level 10 of the Dungeon
  8283 | D:10     | Found a staircase to the Lair.
  8323 | D:10     | Reached skill level 12 in Axes
  8359 | D:10     | Noticed a two-headed ogre
  8372 | D:10     | Killed a two-headed ogre
  8372 | D:10     | Reached XP level 11. HP: 49/58 MP: 12/12
  8518 | D:10     | Reached skill level 5 in Armour
  8530 | D:10     | Noticed Nergalle
  8545 | D:10     | Killed Nergalle
  8661 | D:10     | Noticed an oklob plant
  8729 | D:10     | Noticed an oklob plant
  8870 | D:10     | Noticed an oklob plant
  9055 | D:10     | Reached **** piety under Makhleb
  9059 | D:10     | Found a staircase to the Orcish Mines.
  9095 | D:10     | Reached skill level 13 in Axes
  9424 | Orc:1    | Entered Level 1 of the Orcish Mines
  9424 | Orc:1    | Noticed an orc high priest
  9424 | Orc:1    | Noticed an orc sorcerer
  9427 | Orc:1    | Noticed a soul eater
  9437 | D:10     | Killed an orc sorcerer
  9461 | Orc:1    | Noticed a cyclops
  9471 | D:10     | Killed an orc high priest
  9611 | D:10     | HP: 4/87 [orc/trident (3)]
  9782 | D:10     | Killed a cyclops
  9887 | Orc:1    | Noticed an orc sorcerer
  9888 | Orc:1    | Noticed an orc sorcerer
  9893 | Orc:1    | Noticed a sun demon
  9896 | Orc:1    | Noticed a cyclops
  9896 | Orc:1    | Mangled by a sun demon

Vault maps used:
D:1:      dpeg_arrival_pits, st_stairs_8
D:3:      minmay_liquid_box
D:4:      kennysheep_mini_moat, nemelex_xobeh_ov_fountains_minmay,
          temple_doors_e, serial_bayou_crossing, uniq_menkaure, uniq_eustachio,
          uniq_sigmund
D:5:      nicolae_dithmenos_shadow_blocks, first_bread, serial_bayou_pond_e,
          elyvilon_altar_4, uniq_edmund, uniq_blork_the_orc
D:7:      xom_teletrap_fun, cheibrodos_ashenzari_chains
D:9:      grunt_temple_overflow_cloverleaf
D:10:     lair_entry_dummy, orc_0_dummy, grunt_livestock, disabler_island,
          uniq_nergalle
Temple:   nicolae_temple_figure_eight

Skill      XL: |  1  2  3  4  5  6  7  8  9 10 11 |
---------------+----------------------------------+-----
Axes           | 3 4 5 6 7 9 10 12 13 | 13.5
Fighting       | 2 3 4 6 7 |  7.0
Armour         | 1 4 6 |  6.0
Throwing       | |  1.7
Dodging        | |  2.4

Action                   |  1- 3 |  4- 6 |  7- 9 | 10-12 || total
-------------------------+-------+-------+-------+-------++-------
Melee: War axe           |    85 |   111 |   288 |   294 ||   778
       Bite              |    15 |    27 |   115 |   107 ||   264
       Headbutt          |       |       |       |    75 ||    75
Throw: Throwing net      |       |       |     1 |       ||     1
Evoke: Wand              |       |       |       |     6 ||     6
  Use: Potion            |       |       |     1 |     6 ||     7
       Scroll            |       |       |     9 |     1 ||    10
 Stab: Sleeping          |     2 |     1 |       |       ||     3
       Held in net/web   |       |       |     1 |       ||     1
  Eat: Chunk             |     2 |     5 |    13 |    16 ||    36
Armor: Leather armour    |    23 |    29 |       |       ||    52
       Chain mail        |       |    91 |   164 |   127 ||   382
       Skin              |       |    40 |       |     8 ||    48
       Plate armour      |       |       |       |    17 ||    17
Dodge: Dodged            |    57 |   104 |   110 |   108 ||   379
